 Dungeon Crawl Stone Soup version 0.17-a0-1718-g72dbe4d (webtiles) character file.

72 KambridgeKobold the Ducker (level 4, -7/22 HPs)
             Began as a Spriggan Warper on Aug 26, 2015.
             Was an Initiate of Ashenzari.
             Mangled by George's ghost (14 damage)
             ... on level 3 of the Dungeon.
             The game lasted 00:07:38 (2956 turns).

KambridgeKobold the Ducker (Spriggan Warper)        Turns: 2956, Time: 00:07:38

Health: -7/22      AC:  2    Str:  8    XL:     4   Next: 6%
Magic:  7/9        EV: 19    Int: 14    God:    Ashenzari [......]
Gold:   132        SH:  0    Dex: 15    Spells: 4 memorised, 1 level left

rFire  . . .     SeeInvis +     b - +0 dagger
rCold  . . .     Clarity  .     q - +0 robe
rNeg   . . .     SustAt   .     (shield restricted)
rPois  .         Gourm    .     (helmet restricted)
rElec  .         Spirit   .     (no cloak)
rCorr  .         Warding  .     (gloves unavailable)
rMut   .         Stasis   .     (boots unavailable)
MR     .....                    (no amulet)
Stlth  +++.......               (no ring)
                                (no ring)

@: very quick, not resistant to hostile enchantments, fairly stealthy
A: unfitting armour, see invisible, herbivore 3, speed 3, slow metabolism 2
a: Renounce Religion


You were on level 3 of the Dungeon.
You worshipped Ashenzari.
Ashenzari was noncommittal.
You were hungry.

You visited 1 branch of the dungeon, and saw 3 of its levels.

You collected 132 gold pieces.

Inventory:

Hand weapons
 a - a +0 short sword
 b - a +0 dagger (weapon)
Missiles
 e - 5 tomahawks of dispersal (quivered)
Armour
 q - a +0 robe (worn)
Scrolls
 d - a scroll of blinking
 l - a scroll of magic mapping {unknown}
 m - a scroll of identify {unknown}
 o - a scroll of amnesia {unknown}
 p - a scroll of remove curse
Potions
 g - 2 potions of curing {unknown}
 h - a potion of brilliance {unknown}
 i - a potion of heal wounds {unknown}
 j - a potion of cancellation {unknown}
 k - a potion of flight {unknown}
 n - 2 potions of poison {unknown}
 r - a potion of ambrosia {unknown}
Books
 c - a book of Spatial Translocations

   Spells                             Type                      Level
   a - Apportation                    Translocation                1
   b - Blink                          Translocation                2
   c - Shroud of Golubria             Charms/Translocation         2
   d - Portal Projectile              Translocation                3
   e - Teleport Other                 Translocation                3
   f - Passage of Golubria            Translocation                4
Comestibles
 f - 2 bread rations


   Skills:
 - Level 1.5 Fighting
 + Level 3.2 Short Blades
 - Level 1.1 Throwing
 + Level 4.5 Dodging
 * Level 3.1 Stealth
 - Level 3.1 Spellcasting
 - Level 4.4 Translocations


You had one spell level left.
You knew the following spells:

 Your Spells              Type           Power        Failure   Level  Hunger
a - Apportation           Tloc           ##........   3%          1    #......
b - Shroud of Golubria    Chrm/Tloc      #.........   17%         2    ##.....
c - Teleport Other        Tloc           ##......     12%         3    ###....
d - Blink                 Tloc           N/A          6%          2    ##.....


Dungeon Overview and Level Annotations

Branches:
Dungeon (3/15)

Altars:
Ashenzari

Annotations:
D:3 George's ghost, weakling DsGl


Innate Abilities, Weirdness & Mutations

You are tiny and cannot use many weapons and most armour.
You have supernaturally acute eyesight.
You are a herbivore.
You cover ground extremely quickly.
You need consume almost no food.


Message History

Space distorts slightly along a thin shroud covering your body.
You are feeling hungry.
You closely miss George's ghost. George's ghost barely misses you.
You miss George's ghost. George's ghost hits you!
Your shroud falls apart!
You closely miss George's ghost. George's ghost misses you.
You barely miss George's ghost. George's ghost barely misses you.
You hit George's ghost.
George's ghost is lightly damaged.
George's ghost closely misses you.
You closely miss George's ghost.
George's ghost is lightly damaged.
You hit George's ghost but do no damage.
George's ghost is lightly damaged.
George's ghost hits you! The kobold closely misses you.
You miss George's ghost.
George's ghost is lightly damaged.
George's ghost hits you!
Ouch! That really hurt!
You die...

#.#.. .... .[.#
... # ..# #.
###.# .. #.KW#
#.#.#.#@# .
#.......##....
###.#.<........
#.####..... #?
.### #. .. #.
.# .$ ) ##


You could see George's ghost and a kobold.

Vanquished Creatures
  An adder (D:2)
  3 worms (D:2)
  A giant gecko (D:1)
  9 bats
  2 giant cockroaches (D:2)
  8 hobgoblins
  11 jackals (D:1)
  2 ball pythons
  3 giant newts
  3 goblins
  3 kobolds (D:1)
  A quokka (D:2)
  3 rats
50 creatures vanquished.

Notes
Turn   | Place    | Note
--------------------------------------------------------------
     0 | D:1      | KambridgeKobold the Spriggan Warper began the quest for the Orb.
     0 | D:1      | Reached XP level 1. HP: 10/10 MP: 5/5
   264 | D:1      | Reached XP level 2. HP: 9/14 MP: 6/6
  1131 | D:1      | Reached skill level 1 in Stealth
  1154 | D:1      | Learned a level 2 spell: Shroud of Golubria
  1278 | D:1      | Reached XP level 3. HP: 3/18 MP: 5/8
  1526 | D:1      | Learned a level 3 spell: Teleport Other
  1987 | D:2      | Learned a level 2 spell: Blink
  2141 | D:2      | Found a shattered altar of Ashenzari.
  2166 | D:2      | Became a worshipper of Ashenzari the Shackled
  2805 | D:2      | Reached XP level 4. HP: 22/22 MP: 6/9
  2945 | D:3      | Noticed George's ghost (weakling DsGl)
  2956 | D:3      | Mangled by George's ghost

Vault maps used:
D:1:      onia_arrival_mini_spirals
D:2:      old_standard_altar

Action                   |  1- 3 |  4- 6 || total
-------------------------+-------+-------++-------
Melee: Short sword       |   221 |       ||   221
       Dagger            |       |     9 ||     9
 Cast: Shroud of Golubri |     4 |     1 ||     5
 Stab: Sleeping          |     5 |     1 ||     6
